 Dungeon Crawl Stone Soup version 0.14-a0-1663-g0b35444 (webtiles) character file.

4878 Duskembrace the Cleaver (level 10, -12/88 HPs)
             Began as a Minotaur Berserker on Dec 28, 2013.
             Was the Champion of Trog.
             Mangled by a shadow (25 damage)
             ... on Level 10 of the Dungeon.
             The game lasted 00:35:45 (6187 turns).

Duskembrace the Cleaver (Minotaur Berserker)        Turns: 6187, Time: 00:35:45

HP -12/88        AC 10     Str 24      XL: 10   Next: 17%
MP   6/7         EV  6     Int  4      God: Trog [******]
Gold 356         SH  0     Dex 11      Spells:  0 memorised,  9 levels left

rFire  . . .     SeeInvis .     U - +8,+9 battleaxe of Chance {chop, rElec}
rCold  + . .     Clarity  .     E - -2 orc plate armour {rC+}
rNeg   . . .     Conserve .     (no shield)
rPois  .         rCorr    .     (helmet restricted)
rElec  +         rRot     .     q - -2 cloak
SustAb . .       Spirit   .     (no gloves)
rMut   +         Warding  .     (no boots)
Saprov . . .     Stasis   .     r - amulet of resist mutation {unknown}
                                (no ring)
                                m - ring of wizardry

@: somewhat resistant to hostile enchantments, extremely unstealthy
A: retaliatory headbutt, horns 2
a: Burn Spellbooks, Berserk, Trog's Hand, Brothers in Arms, Renounce Religion


You were on level 10 of the Dungeon.
You worshipped Trog.
Trog was exalted by your worship.
You were not hungry.

You visited 1 branch of the dungeon, and saw 10 of its levels.
You also visited: Bailey.

You collected 356 gold pieces.

Inventory:

Hand weapons
 a - a +0,+0 hand axe
 N - a +0,-1 orcish war axe
 O - a +1,+1 hand axe
 P - a cursed +0,+0 battleaxe
 U - the +8,+9 battleaxe of Chance (weapon) {chop, rElec}
   (Trog gifted it to you on level 7 of the Dungeon)

   It inflicts extra damage upon your enemies.
   It insulates you from electricity.
Missiles
 i - 19 darts (quivered)
 z - 12 tomahawks
Armour
 q - a -2 cloak (worn)
 E - a -2 orcish plate armour of cold resistance (worn)
Magical devices
 D - a wand of slowing (1)
 J - a wand of lightning (2) {unknown}
 V - a wand of frost (7) {unknown}
Comestibles
 c - 7 bread rations
 A - 5 meat rations
 H - 4 bananas
 I - 6 apricots
 K - 3 apples
 L - 12 grapes
 R - 2 oranges
 S - 3 pears
Scrolls
 b - a scroll of fog {unknown}
 d - 2 scrolls of magic mapping {unknown}
 e - 3 scrolls of amnesia {unknown}
 g - 4 scrolls of random uselessness
 j - 6 scrolls of remove curse
 l - 2 scrolls of identify
 n - 2 scrolls of curse armour {unknown}
 p - 6 scrolls of fear {unknown}
 s - 3 scrolls of enchant weapon II {unknown}
 t - a scroll of noise {unknown}
 x - 2 scrolls of enchant armour {unknown}
 y - 2 scrolls of blinking {unknown}
 F - 3 scrolls of immolation {unknown}
 M - a scroll of curse jewellery {unknown}
 Q - a scroll of curse weapon {unknown}
 T - a scroll of teleportation {unknown}
 X - a scroll of enchant weapon I {unknown}
Jewellery
 m - a ring of wizardry (left hand)
 o - an uncursed ring of sustenance {unknown}
 r - an amulet of resist mutation (around neck) {unknown}
 B - an uncursed amulet of stasis {unknown}
 C - an uncursed amulet of rage {unknown}
 G - a cursed +3 ring of intelligence {unknown}
 Z - an uncursed ring of magical power {unknown}
Potions
 f - a potion of agility
 h - 4 potions of curing
 k - 4 potions of heal wounds
 u - a potion of mutation
 v - a potion of poison
 w - 3 potions of restore abilities
 W - a potion of magic {unknown}
 Y - a potion of brilliance {unknown}


   Skills:
 + Level 8.2 Fighting
 + Level 14.0 Axes
 + Level 7.8 Armour
 - Level 2.2 Dodging
 * Level 1.6 Evocations


You had 9 spell levels left.
You didn't know any spells.

Dungeon Overview and Level Annotations

Branches:
Dungeon (10/16)            Temple (0/1) D:5
    Orc: D:9-12        Lair: D:8-11

Altars:
Cheibriados
Elyvilon
Fedhas
Kikubaaqudgha
Vehumet
Yredelemnul
the Shining One

Shops:
D:9 (


Innate Abilities, Weirdness & Mutations

You reflexively headbutt those who attack you in melee.
You have a pair of horns on your head.


Message History

You slice the shadow!!
The shadow is severely damaged.
The shadow hits you.
* * * LOW HITPOINT WARNING * * *
You completely miss the shadow. Your headbutt misses the shadow.
The shadow is severely damaged.
The shadow hits you.
You completely miss the shadow.
You headbutt the shadow, but do no damage.
The shadow is severely damaged.
The shadow hits you.
* * * LOW HITPOINT WARNING * * *
Your plate armour prevents you from hitting the shadow.
Your headbutt misses the shadow.
The shadow is severely damaged.
The shadow slips into darkness!
Deactivating autopickup; reactivate with Ctrl-A.
You hit it.
The shadow strikes at you from the darkness!
You die...

#.......##
##.......#
#...<...#
.##.......#
..........##
####.#....#
#.####.#
...###.####.#
.........@..#
.....#.####.#
< .. .... ...
####.. ..( .#
. #


There were no monsters in sight!

Vanquished Creatures
  An unseen horror (D:10)
  A cyclops (D:8)
  4 wandering mushrooms (D:8)
  A hill giant zombie (D:8)
  A hippogriff (D:9)
  A sky beast (D:5)
  A black bear (D:9)
  2 orc warriors (D:7)
  2 ice beasts
  A phantom (D:4)
  2 ogres
  A water moccasin (D:9)
  2 centaurs
  Sigmund (D:6)
  2 oklob saplings (D:8)
  4 wights (D:6)
  2 goliath beetles
  4 crimson imps
  8 hounds
  4 jellies
  6 orc priests
  3 worker ants
  An iguana (D:9)
  10 orc wizards
  An ogre zombie (D:6)
  A crocodile skeleton (D:7)
  A gnoll (D:4)
  6 green rats (D:7)
  6 adders
  2 giant centipedes (D:9)
  A worm zombie (D:3)
  2 giant mites
  3 worms
  2 giant eyeballs
  3 oozes
  26 orcs
  A ball python (D:3)
  A bat zombie (D:6)
  2 giant cockroaches
  14 hobgoblins
  16 jackals
  9 bats
  7 giant geckos
  A giant gecko skeleton (D:6)
  8 giant newts
  15 goblins
  17 kobolds
  An orc skeleton (D:5)
  8 quokkas
  27 rats
  A rat skeleton (D:4)
  A rat zombie (D:7)
248 creatures vanquished.

Notes
Turn   | Place    | Note
--------------------------------------------------------------
     0 | D:1      | Duskembrace, the Minotaur Berserker, began the quest for the Orb.
     0 | D:1      | Reached XP level 1. HP: 19/19 MP: 1/1
   253 | D:1      | Reached XP level 2. HP: 27/27 MP: 1/1
   254 | D:1      | Reached skill level 4 in Axes
   473 | D:1      | Acquired Trog's second power
   688 | D:2      | Reached XP level 3. HP: 23/33 MP: 2/2
   946 | D:2      | Reached skill level 5 in Axes
  1334 | D:3      | Reached XP level 4. HP: 37/40 MP: 2/2
  1521 | D:3      | Reached skill level 6 in Axes
  1529 | D:3      | Reached XP level 5. HP: 46/46 MP: 2/2
  1787 | D:4      | Reached skill level 7 in Axes
  1793 | D:4      | Acquired Trog's third power
  1841 | D:4      | Found a snail-covered altar of Cheibriados.
  1924 | D:4      | Noticed a phantom
  1935 | D:4      | Killed a phantom
  1935 | D:4      | Reached XP level 6. HP: 35/52 MP: 3/3
  2104 | D:4      | Reached skill level 8 in Axes
  2128 | D:4      | Paralysed by a giant eyeball for 2 turns
  2540 | D:4      | Reached skill level 9 in Axes
  2556 | D:4      | Reached XP level 7. HP: 25/58 MP: 3/3
  2655 | D:5      | Entered Level 5 of the Dungeon
  2663 | D:5      | Found a glowing golden altar of the Shining One.
  3017 | D:5      | Reached skill level 10 in Axes
  3234 | D:5      | Found a staircase to the Ecumenical Temple.
  3241 | D:5      | Reached skill level 5 in Fighting
  3318 | D:5      | Reached XP level 8. HP: 44/68 MP: 3/3
  3362 | D:6      | Noticed Sigmund
  3370 | D:6      | Killed Sigmund
  3741 | D:6      | Reached skill level 11 in Axes
  4066 | D:7      | Reached skill level 5 in Armour
  4127 | D:7      | Received a gift from Trog
  4128 | D:7      | Got a jewelled battleaxe {god gift}
  4134 | D:7      | Identified the +8,+9 battleaxe of Chance {chop, rElec} (Trog gifted it to you on level 7 of the Dungeon)
  4312 | D:7      | Reached skill level 12 in Axes
  4336 | D:7      | Reached XP level 9. HP: 65/77 MP: 4/4
  4485 | D:7      | Found a glowing golden altar of the Shining One.
  4486 | D:7      | Noticed an angel
  4490 | D:7      | Found a basalt altar of Yredelemnul.
  4491 | D:7      | Noticed a profane servitor
  4685 | D:7      | Found an ancient bone altar of Kikubaaqudgha.
  4686 | D:7      | Found a radiant altar of Vehumet.
  4693 | D:8      | Found a white marble altar of Elyvilon.
  4701 | D:8      | Found a flagged portal.
  4740 | Bailey   | Entered a bailey
  4740 | Bailey   | Noticed an orc knight
  4931 | D:8      | Found a blossoming altar of Fedhas.
  5027 | D:8      | Found a blossoming altar of Fedhas.
  5040 | D:8      | Reached skill level 13 in Axes
  5594 | D:8      | Noticed a cyclops
  5612 | D:8      | Killed a cyclops
  5872 | D:9      | Found Ydol's Weapon Emporium.
  5955 | D:9      | Paralysed by a giant eyeball for 3 turns
  6071 | D:9      | Reached XP level 10. HP: 71/88 MP: 5/5
  6142 | D:10     | Entered Level 10 of the Dungeon
  6178 | D:10     | Killed an unseen horror
  6178 | D:10     | Reached skill level 14 in Axes
  6178 | D:10     | Reached skill level 1 in Evocations
  6187 | D:10     | Mangled by a shadow

Action                   |  1- 3 |  4- 6 |  7- 9 | 10-12 || total
-------------------------+-------+-------+-------+-------++-------
Melee: Hand axe          |    82 |   118 |    95 |       ||   295
       Flail             |       |       |     6 |       ||     6
       War axe           |       |       |    52 |       ||    52
       Battleaxe         |       |       |   101 |    11 ||   112
Invok: Berserk           |     1 |     6 |     9 |       ||    16
  Use: Scroll            |       |       |     9 |       ||     9
       Potion            |       |       |     2 |       ||     2
